 Dungeon Crawl Stone Soup version 0.28-a0-1206-g193881aaa2 (webtiles) character file.

Game seed: 11205754426416304456

2732 freelancePsychic the Magician (level 9, 0/68 HPs)
             Began as a Djinni Warper on Dec 21, 2021.
             Was a Follower of Elyvilon.
             Slain by an ice beast (6 damage)
             ... on level 7 of the Dungeon.
             The game lasted 00:14:19 (10092 turns).

freelancePsychic the Magician (Djinni Warper)      Turns: 10092, Time: 00:14:20

Health: 0/68       AC:  6    Str: 10    XL:     9   Next: 99%
Gold:   322        EV:  6    Int: 19    God:    Elyvilon [*.....] SH:  0 Dex: 13

rFire   + + +      SeeInvis +   k - +0 short sword (venom)
rCold   . . .      Faith    .   (no shield)
rNeg    . . .      Spirit   .   e - +0 acid dragon scales
rPois   ∞          Reflect  .   (no helmet)
rElec   +          Harm     .   (no cloak)
rCorr   +          Rampage  .   (no gloves)
Will    .....                   (boots unavailable)
Stlth   +.........              (no amulet)
HPRegen 0.21/turn               a - ring of see invisible
MPRegen 0.00/turn               (no ring)

@: resistant, marked, flying, held
A: sickness immunity, fire resistance 2, cold vulnerability 1, float, innate
caster, hp casting, extra vitality 1
a: Renounce Religion, Purification


You were on level 7 of the Dungeon.
You worshipped Elyvilon.
Elyvilon was aware of your devotion.
You visited 2 branches of the dungeon, and saw 8 of its levels.

You collected 322 gold pieces.

Inventory:

Hand Weapons
 k - a +0 short sword of venom (weapon)
Missiles
 i - 4 curare-tipped darts (quivered)
 x - 4 boomerangs
 z - 2 throwing nets
Armour
 b - a +0 leather armour
 e - +0 acid dragon scales (worn)
Jewellery
 a - a ring of see invisible (left hand)
Wands
 m - a wand of mindburst (22)
 y - a wand of flame (22)
 A - a wand of polymorph (10)
Scrolls
 c - 2 scrolls of blinking
 d - a scroll of immolation
 f - 2 scrolls of enchant armour
 o - a scroll of summoning
 p - 2 scrolls of vulnerability
 q - a scroll of silence
 s - a scroll of amnesia {unknown}
 u - 2 scrolls of identify {@r1}
 v - 2 scrolls of noise {unknown}
Potions
 g - 2 potions of mutation {unknown}
 j - a potion of resistance
 l - a potion of invisibility {unknown}
 n - a potion of flight {unknown}
 r - a potion of attraction {unknown}
 t - a potion of haste {@q3}
 w - a potion of curing {unknown}
 B - a potion of degeneration {unknown}


   Skills:
 + Level 7.2 Fighting
 - Level 2.7 Long Blades
 - Level 0.7 Throwing
 - Level 1.0 Armour
 - Level 2.1 Dodging
 * Level 7.9 Spellcasting
 + Level 4.2 Invocations


You couldn't memorise any spells.
You knew the following spells:

 Your Spells              Type           Power      Damage    Failure   Level
a - Sting                 Tmut/Pois      100%       1d8       1%          1
b - Scorch                Fire           74%        2d8       1%          2
c - Gell's Gravitas       Tloc           37%        N/A       1%          3
d - Teleport Other        Tloc           37%        N/A       1%          3
e - Manifold Assault      Tloc           37%        N/A       16%         5
f - Lesser Beckoning      Tloc           37%        N/A       1%          3
g - Blink                 Tloc           74%        N/A       1%          2
h - Call Imp              Summ           37%        N/A       1%          2
i - Dazzling Flash        Conj/Hex       74%        N/A       1%          3
Your spell library was empty.

Dungeon Overview and Level Annotations

Branches:
Dungeon (7/15)             Temple (1/1) D:5

Altars:
Elyvilon
Gozag
Nemelex Xobeh
Zin
The Shining One

Shops:
D:5 =

Annotations:
D:1 exclusion: downstairs
D:2 Sigmund
D:7 Harold


Innate Abilities, Weirdness & Mutations

You are immune to sickness and miasma.
You are immune to poison.
Your flesh is very heat resistant. (rF++)
You are vulnerable to cold. (rC-)
You float through the air rather than walking.
You learn spells naturally, not from books.
Your magical power is your life essence.
You have superior vitality. (+4 HP)


Message History

Found a stone staircase leading down.
Found a book of Hexes.
The water moccasin closely misses you.
The water moccasin bites you but does no damage.
Casting: Scorch (safe; 1% risk of failure)
Confirm with . or Enter, or press ? or * to list all spells.
Aiming: Teleport Other (safe; 1% risk of failure)
Press: ? - help, Shift-Dir - straight line, f/p - ice beast
Aim: an ice beast (chance to affect: 74%)
The ice beast looks slightly unstable.
The ice beast hits you. The ice beast freezes you!!
You feel a terrible chill!
* * * LOW HITPOINT WARNING * * *
The orc warrior closely misses you. The ice beast closely misses you.
The ice beast disappears!
It was a potion of resistance.
You feel protected.
As you read the scroll of teleportation {@r4}, it crumbles to dust.
You feel strangely unstable.
The water moccasin bites you but does no damage.
The water moccasin bites you.
* * * LOW HITPOINT WARNING * * *
Your surroundings suddenly seem different.
The ice beast barely misses you. The ice beast hits you.
* * * LOW HITPOINT WARNING * * *
The ice beast freezes you.
* * * LOW HITPOINT WARNING * * *
Harold shouts!
Harold throws a throwing net.
The throwing net hits you.
You become entangled in the net!
There is a stone staircase leading up here.
You see here a throwing net.
You struggle against the net.
Harold points at you and mumbles some strange words.
A sentinel's mark forms upon you.
You struggle against the net.
The ice beast hits you.
* * * LOW HITPOINT WARNING * * *
The ice beast freezes you.
You die...

### ### ########.##
..###.###..#......#####
.......##.........#....
.........#..###......#
....)....#.###.......#
...........# ##......#
..........####......##
........y.###..Y###..#
#..........#....@..(#######
.......##........#.###.#..#
......###.#.....##..>......
.####.#####.............#. ##
#...###..#........@.## #
#.#.##..##....)......##
##.#..#...#............# +
##.o.Z....##............#
###....#Y...#...............#


You could see Harold and an ice beast.

Vanquished Creatures
  Maggie (D:6)
  A troll (D:6)
  Eustachio (D:4)
  Edmund (D:6)
  Duvessa (D:6)
  An ice beast (D:6)
  A black bear (D:6)
  A necrophage (D:7)
  2 ogres
  Blork the orc (D:6)
  2 bullfrogs
  A scorpion (D:6)
  Dowan (D:6)
  A centaur zombie (D:6)
  2 jellies (D:6)
  9 hounds
  An orc priest (D:3)
  2 centaur skeletons
  Jessica (D:2)
  3 iguanas
  An orc wizard (D:5)
  16 gnolls
  8 adders
  A white imp (D:7)
  An ufetubus (D:6)
  2 adder skeletons
  A worm (D:3)
  7 orcs
  6 ball pythons
  5 bats
  6 endoplasms
  2 giant cockroaches
  4 goblins
  3 hobgoblins
  3 jackals (D:4)
  6 kobolds
  4 quokkas
  5 frilled lizards
  5 rats
120 creatures vanquished.

Vanquished Creatures (collateral kills)
  A hornet (D:7)
  A bullfrog skeleton (D:7)
2 creatures vanquished.

Grand Total: 122 creatures vanquished

Notes
Turn   | Place    | Note
-------+----------+-------------------------------------------
     0 | D:1      | freelancePsychic the Djinni Warper began the quest for the
                  | Orb.
     0 | D:1      | Reached XP level 1. HP: 18/18 MP: 0/0
   507 | D:1      | Reached XP level 2. HP: 23/23 MP: 0/0
  1317 | D:2      | Noticed Jessica
  1335 | D:2      | Killed Jessica
  1336 | D:2      | Reached XP level 3. HP: 21/29 MP: 0/0
  1336 | D:2      | Learned a level 1 spell: Sting
  1463 | D:2      | Reached XP level 4. HP: 22/34 MP: 0/0
  1722 | D:2      | Noticed Sigmund
  2186 | D:2      | Reached XP level 5. HP: 38/40 MP: 0/0
  2186 | D:2      | Learned a level 2 spell: Scorch
  2553 | D:3      | Found a faded altar of an unknown god.
  3508 | D:4      | Reached XP level 6. HP: 40/46 MP: 0/0
  4559 | D:4      | Reached XP level 7. HP: 46/52 MP: 0/0
  4559 | D:4      | Learned a level 2 spell: Call Imp
  5189 | D:5      | Entered Level 5 of the Dungeon
  5203 | D:5      | Found Gecyem's Jewellery Shoppe.
  5243 | D:5      | Reached skill level 5 in Spellcasting
  5641 | D:5      | Noticed Eustachio
  5789 | D:4      | Killed Eustachio
  5790 | D:4      | Reached skill level 5 in Fighting
  5790 | D:4      | Reached XP level 8. HP: 30/59 MP: 0/0
  6469 | D:5      | Found a staircase to the Ecumenical Temple.
  6581 | Temple   | Entered the Ecumenical Temple
  6623 | Temple   | Became a worshipper of Elyvilon the Healer
  7300 | D:6      | Noticed Blork the orc
  7303 | D:6      | Killed Blork the orc
  7415 | D:6      | Noticed a troll
  7419 | D:6      | Reached skill level 1 in Invocations
  7779 | D:6      | Noticed Edmund
  7792 | D:6      | Killed Edmund
  8066 | D:6      | Reached * piety under Elyvilon
  8178 | D:6      | Reached XP level 9. HP: 36/66 MP: 0/0
  8178 | D:6      | Learned a level 3 spell: Dazzling Flash
  8562 | D:6      | Killed a troll
  8712 | D:6      | Noticed Maggie
  8751 | D:7      | Noticed Harold
  8872 | D:7      | Noticed a hornet
  8889 | D:7      | Killed a hornet
  9220 | D:7      | Noticed a hornet
  9297 | D:6      | Killed Maggie
  9434 | D:6      | Noticed Duvessa
  9437 | D:6      | Noticed Dowan
  9440 | D:6      | Killed Duvessa
  9445 | D:6      | Killed Dowan
 10012 | D:7      | Reached ** piety under Elyvilon
 10092 | D:7      | Slain by an ice beast

Illustrated notes

Levels and vault maps discovered:
D:1:      dpeg_arrival_three_same_balls, layout_basic
D:2:      layout_rooms, uniq_jessica, uniq_sigmund
D:3:      layout_basic, basic_ecumenical_altar
D:4:      layout_loops_corners
D:5:      layout_loops_cross, minmay_temple_entry_trees, serial_shops,
          nicolae_shop_trees, uniq_eustachio
D:6:      layout_loops_ring, uniq_duvessa, uniq_maggie, uniq_edmund,
          uniq_blork_the_orc
D:7:      cheibrodos_barr_body, layout_cave_pools, kennysheep_mini,
          hangedman_glass_teeth, uniq_harold
Temple:   mainiacjoe_temple_hex_bubbles

Skill      XL: |  1  2  3  4  5  6  7  8  9 |
---------------+----------------------------+-----
Long Blades    | 2 |  2.7
Spellcasting   | 3 4 5 6 7 |  7.9
Fighting       | 3 4 5 6 7 |  7.2
Invocations    | 2 4 |  4.2
Throwing       | |  0.7
Armour         | |  1.0
Dodging        | |  2.1

Action                   |  1- 3 |  4- 6 |  7- 9 || total
-------------------------+-------+-------+-------++-------
Melee: Falchion          |    52 |    14 |       ||    66
Throw: Boomerang         |     5 |       |       ||     5
       Dart              |       |       |    19 ||    19
       Throwing net      |       |       |     2 ||     2
 Cast: Sting             |     5 |    21 |     3 ||    29
       Scorch            |       |    59 |   145 ||   204
       Teleport Other    |       |       |     9 ||     9
Invok: Heal Other        |       |       |     1 ||     1
  Use: Scroll            |       |       |    12 ||    12
       Potion            |       |       |     1 ||     1
 Stab: Sleeping          |     1 |       |       ||     1
Armor: Leather armour    |    17 |     7 |     8 ||    32
       Acid dragon scale |       |       |     4 ||     4
Dodge: Dodged            |    27 |    26 |    34 ||    87

Table legend: (Time is in decaauts)
 A = Elapsed time spent in this place.
 B = Non-inter-level travel time spent in this place.
 C = Inter-level travel time spent in this place.
 D = Time resting spent in this place.
 E = Time spent auto-exploring this place.
 F = Levels seen in this place.
 G = Mean time per level.
                   A        B        C        D        E       F      G
               +--------+--------+--------+--------+--------+-----+--------+
         Total |  10119 |   9369 |    750 |   1307 |   7063 |   8 | 1264.9 |
       Dungeon |  10050 |   9327 |    723 |   1307 |   7033 |   7 | 1435.7 |
        Temple |     68 |     42 |     26 |      0 |     30 |   1 |   68.0 |
               +--------+--------+--------+--------+--------+-----+--------+

Top non-repeatable levels by time:
     D:4: 2047 daAuts
     D:6: 1834 daAuts
     D:1: 1613 daAuts
     D:3: 1538 daAuts
     D:5: 1213 daAuts
     D:2: 1037 daAuts
     D:7: 765 daAuts
  Temple: 68 daAuts
